cohdb
Replays
Latest Replays
All Replays
Popular Replays
Top Player Replays
Match Explorer
How It Works
Community
CoH3 Stats
Reddit
Sign in to upload your games and track your stats! →
Sign in with Steam
Match 40872073
Unlisted
Match 40872073
Overview
Messages
Build Orders
End
Construct Infanterie Kompanie
Kettenkrad Recon Vehicle
MG 42 Machine Gun Team
Selects Terror Battlegroup
Selects Machine Gun Camouflage
MG 42 Machine Gun Team
GrW 34 Mortar Team
Construct Panzergrenadier Kompanie
Support Elements
Selects Interrogate
Panzergrenadier Squad
Pak 40 Anti-tank Gun Team
Nebelwerfer 42 Rocket Launcher Team
Construct Panzer Kompanie
Selects Propaganda Leaflet Drop
Propaganda Leaflet Drop
251 Medium Carrier
Sturmpanzer IV Brummbär
Pak 40 Anti-tank Gun Team
Selects V1 Rocket Strike
V1 Rocket Strike
Panzer IV Medium Tank
Pioneer Squad
V1 Rocket Strike
Panzer IV Medium Tank
MG 42 Machine Gun Team
Selects Defend the Fatherland
Grenadier Squad
Stoßtruppen Squad
Panzergrenadier Squad
Pak 40 Anti-tank Gun Team
Pak 40 Anti-tank Gun Team
Propaganda Leaflet Drop
Stoßtruppen Squad
Selects King Tiger Heavy Tank
King Tiger Heavy Tank
Panzer IV Medium Tank
Kettenkrad Recon Vehicle
V1 Rocket Strike
Kettenkrad Recon Vehicle
The sexy Ginger
BenArtha
Valdai
Sailor
HIBBLE
Bradders
雷曼尔EX
SC2-Protoss
0
0
Comments
sign in to comment!
No comments posted yet!